 Dungeon Crawl Stone Soup version 0.21.1-1-g345015f (webtiles) character file.

368 grindst0ne the Covert (level 6, -2/45 HPs)
             Began as an Octopode Assassin on Feb 21, 2018.
             Slain by a slave (8 damage)
             ... led by Pikel
             ... on level 3 of the Dungeon.
             The game lasted 00:09:02 (3213 turns).

grindst0ne the Covert (Octopode Assassin)           Turns: 3213, Time: 00:09:03

Health: -2/45      AC:  1    Str: 10    XL:     6   Next: 69%
Magic:  6/6        EV: 13    Int: 18    God:
Gold:   205        SH:  0    Dex: 16    Spells: 5/5 levels left

rFire    + . .     SeeInvis .   a - +1 dagger (venom)
rCold    . . .     Gourm    .   (no shield)
rNeg     . . .     Faith    .   (helmet restricted)
rPois    .         Spirit   .   (no amulet)
rElec    .         Reflect  .   h - ring of protection from fire
rCorr    .         Harm     .   (no ring)
MR       .....                  (no ring)
Stlth    +++++.....             (no ring)
HPRegen  0.15/turn              (no ring)
MPRegen  0.10/turn              (no ring)
                                (no ring)
                                (no ring)

@: brilliant, hasted, very quick
A: almost no armour, stealthy swim, amphibious, 8 rings, constrict 8, camouflage
1, gelatinous body 1
a: no special abilities


You were on level 3 of the Dungeon.
You were not hungry.

You visited 1 branch of the dungeon, and saw 4 of its levels.

You collected 205 gold pieces.

Inventory:

Hand Weapons
 a - a +1 dagger of venom (weapon)
 b - a +0 blowgun
Missiles
 c - 8 poisoned needles
 d - 2 curare-tipped needles
Jewellery
 h - a ring of protection from fire (left tentacle)
 k - a +4 amulet of reflection {unknown}
Scrolls
 e - 7 scrolls of identify {unknown}
 n - a scroll of noise {unknown}
 o - a scroll of teleportation {unknown}
 p - a scroll of enchant armour {unknown}
 t - a scroll of amnesia {unknown}
 u - a scroll of immolation {unknown}
Potions
 j - a potion of might {unknown}
 l - a potion of invisibility {unknown}
 m - a potion of degeneration {unknown}
 r - a potion of curing {unknown}
 s - a potion of heal wounds {unknown}
Comestibles
 f - 3 rations
 q - 4 chunks of flesh


   Skills:
 + Level 5.0 Fighting
 - Level 2.0 Short Blades
 - Level 2.0 Throwing
 - Level 1.0 Dodging
 + Level 8.6 Stealth


You had 5 spell levels left.
You didn't know any spells.

Dungeon Overview and Level Annotations

Branches:
Dungeon (4/15)
 Temple: D:4-7

Altars:
Ashenzari
Kikubaaqudgha
Wu Jian
The Shining One

Annotations:
D:4 exclusion: upstairs, Pikel; Terandir's ghost, amateur MiFi


Innate Abilities, Weirdness & Mutations

You cannot wear most types of armour.
You are very stealthy in the water. (Stealth+)
You are amphibious.
You can wear up to eight rings at the same time.
You can use your tentacles to constrict eight enemies at once.
Your skin changes colour to match your surroundings (Stealth+).
Your rubbery body absorbs attacks. (AC +1, EV +1)


Message History

The slave is moderately wounded.
You constrict the slave. The slave misses you.
You release your grip on the slave.
There is a stone staircase leading up here.
You hit the slave. You grab the slave.
The slave is heavily wounded.
You constrict the slave. The slave hits you!
You release your grip on the slave.
The slave hits you!
* * * LOW HITPOINT WARNING * * *
The slave hits you.
* * * LOW HITPOINT WARNING * * *
You climb upwards.
There is a stone staircase leading down here.
It was a potion of brilliance.
You feel clever all of a sudden. The slave closely misses you. x2
It was a potion of haste.
You feel yourself speed up.
You kill the slave!
That felt strangely unrewarding.
The slave hits you!
You die...

### ##.##.# #
#.##.# # #..#.# #
######.#.# ######
#...##...#
+....####.#.###..#
####.#......# #..#
##...#.##.#####p[#
##...#....(..(..@#
##......#)########
#######.........#
#.........#
#######.........#
......)(........#
................#
........#########
....#####


You could see a slave.

Vanquished Creatures
  A slave (D:3)
  A necrophage (D:4)
  A centaur skeleton (D:4)
  Terence (D:3)
  Natasha (D:2)
  3 worker ants (D:4)
  7 adders
  An adder skeleton (D:3)
  2 worms
  4 dart slugs
  A leopard gecko (D:4)
  6 orcs
  A ball python (D:3)
  2 giant cockroaches (D:2)
  4 hobgoblins
  4 jackals (D:2)
  2 quokkas
  6 bats
  4 frilled lizards
  4 goblins
  7 kobolds
  A rat (D:3)
64 creatures vanquished.

Notes
Turn   | Place    | Note
-------+----------+-------------------------------------------
     0 | D:1      | grindst0ne the Octopode Assassin began the quest for the Orb.
     0 | D:1      | Reached XP level 1. HP: 14/14 MP: 1/1
   121 | D:1      | Reached XP level 2. HP: 14/20 MP: 2/2
   690 | D:2      | Reached skill level 6 in Stealth
   690 | D:2      | Reached XP level 3. HP: 22/25 MP: 3/3
   847 | D:2      | Found a shattered altar of Ashenzari.
  1028 | D:2      | Reached XP level 4. HP: 29/31 MP: 4/4
  1046 | D:2      | Found a glowing golden altar of the Shining One.
  1077 | D:2      | Noticed Natasha
  1086 | D:2      | Killed Natasha
  1350 | D:2      | You fall through a shaft!
  1351 | D:3      | Found an ornate altar of the Wu Jian Council.
  1473 | D:4      | Reached skill level 7 in Stealth
  1473 | D:4      | Reached XP level 5. HP: 26/37 MP: 5/5
  1502 | D:4      | Noticed Terandir's ghost (amateur MiFi)
  2725 | D:3      | Found an ancient bone altar of Kikubaaqudgha.
  2900 | D:3      | Noticed Terence
  2911 | D:3      | Killed Terence
  2911 | D:3      | Reached skill level 8 in Stealth
  2911 | D:3      | Reached XP level 6. HP: 44/44 MP: 6/6
  3115 | D:4      | Noticed a necrophage
  3118 | D:4      | Killed a necrophage
  3118 | D:4      | Reached skill level 5 in Fighting
  3161 | D:4      | Noticed Pikel
  3161 | D:4      | Noticed a slave
  3161 | D:4      | Noticed a slave
  3161 | D:4      | Noticed a slave
  3173 | D:4      | Noticed a slave
  3213 | D:3      | Killed a slave
  3213 | D:3      | Slain by a slave

Skill      XL: |  1  2  3  4  5  6 |
---------------+-------------------+-----
Stealth        | 6 7 8 |  8.6
Fighting       | 3 4 5 |  5.0
Short Blades   | |  2.0
Throwing       | |  2.0
Dodging        | |  1.0

Action                   |  1- 3 |  4- 6 || total
-------------------------+-------+-------++-------
Melee: Dagger            |    46 |    93 ||   139
       Constrict         |    14 |    20 ||    34
       Tentacles         |     8 |    15 ||    23
 Fire: Blowgun           |    18 |    26 ||    44
  Use: Potion            |       |     2 ||     2
 Stab: Sleeping          |     4 |     9 ||    13
  Eat: Chunk             |       |     7 ||     7
Armor: Skin              |     4 |     2 ||     6
Dodge: Dodged            |    33 |    55 ||    88
